 Dungeon Crawl Stone Soup version 0.22-a0-409-gb855193 (webtiles) character file.

102 CanOfBees the Gusty (level 4, -3/24 HPs)
             Began as a Tengu Air Elementalist on May 10, 2018.
             Slain by jackcabral90's ghost (10 damage)
             ... on level 3 of the Dungeon.
             The game lasted 00:08:12 (5451 turns).

CanOfBees the Gusty (Tengu Air Elementalist)        Turns: 5451, Time: 00:08:13

Health: -3/24      AC:  2    Str:  9    XL:     4   Next: 78%
Magic:  3/9        EV: 13    Int: 15    God:
Gold:   117        SH:  0    Dex: 15    Spells: 3/9 levels left

rFire    . . .     SeeInvis .   b - +0 spear
rCold    . . .     Gourm    .   (no shield)
rNeg     . . .     Faith    .   a - +0 robe
rPois    .         Spirit   .   (helmet restricted)
rElec    .         Reflect  .   (no cloak)
rCorr    .         Harm     .   (no gloves)
MR       .....                  (boots unavailable)
Stlth    ++........             (no amulet)
HPRegen  0.08/turn              (no ring)
MPRegen  0.11/turn              (no ring)

@: no status effects
A: beak, talons 3
a: no special abilities


You were on level 3 of the Dungeon.
You were not hungry.

You visited 1 branch of the dungeon, and saw 3 of its levels.

You collected 117 gold pieces.

Inventory:

Hand Weapons
 b - a +0 spear (weapon)
Armour
 a - a +0 robe (worn)
Scrolls
 d - a scroll of noise
 e - a scroll of remove curse
 f - 2 scrolls of fog
 i - 2 scrolls of identify {unknown}
 k - a scroll of magic mapping {unknown}
Potions
 c - a potion of might {unknown}
 g - a potion of heal wounds {unknown}
 h - 3 potions of curing {unknown}
 l - a potion of haste {unknown}
Comestibles
 j - a ration
 m - a chunk of flesh


   Skills:
 + Level 0.5 Fighting
 + Level 2.4 Dodging
 - Level 2.0 Stealth
 - Level 3.0 Spellcasting
 - Level 3.2 Conjurations
 + Level 0.3 Charms
 - Level 5.0 Air Magic


You had 3 spell levels left.
You knew the following spells:

 Your Spells              Type           Power        Failure   Level  Hunger
a - Shock                 Conj/Air       ##..         3%          1    #......
b - Swiftness             Chrm/Air       ##......     10%         2    ##.....
c - Static Discharge      Conj/Air       ##......     11%         3    ###....


Dungeon Overview and Level Annotations

Branches:
Dungeon (3/15)

Altars:

Annotations:
D:3 jackcabral90's ghost, amateur DrTm


Innate Abilities, Weirdness & Mutations

You have a beak for a mouth.
You have claws for feet.


Message History

Aiming: Shock (safe; 3% risk of failure)
Press: ? - help, Shift-Dir - straight line, f - jackcabral90's ghost
Aim: jackcabral90's ghost The zap hits jackcabral90's ghost.
Jackcabral90's ghost appears unharmed.
Jackcabral90's ghost hits you!
There is a stone staircase leading up here.
Casting: Shock (safe; 3% risk of failure)
Confirm with . or Enter, or press ? or * to list all spells.
Jackcabral90's ghost is struck by lightning.
Jackcabral90's ghost is lightly damaged.
The lightning grounds out.
Jackcabral90's ghost misses you.
Casting: Static Discharge (safe; 11% risk of failure)
Confirm with . or Enter, or press ? or * to list all spells.
Jackcabral90's ghost is struck by lightning.
Jackcabral90's ghost is moderately damaged.
The lightning arcs!
You are struck by lightning.
The lightning grounds out.
Jackcabral90's ghost hits you!
* * * LOW HITPOINT WARNING * * *
Jackcabral90's ghost hits you!
You die...

#.....# #.....#
#.....# ###
###.....######.#
##..................#
#....?#......########
#.....#.#'#......#
..(..#.#.#.####.#
...........W@.#.#
#.##.........##.#
#.##............#
#.##........#####
####.##........#
##..............#
.'..............#
##.......#'######
##...####.#


You could see jackcabral90's ghost.

Vanquished Creatures
  A centaur skeleton (D:2)
  An adder (D:3)
  2 oozes
  3 worms
  A dart slug (D:3)
  An orc (D:3)
  3 giant cockroaches
  A goblin (D:2)
  10 hobgoblins
  4 jackals
  A quokka (D:2)
  A ball python (D:2)
  6 bats
  4 frilled lizards
  3 kobolds
  4 rats
46 creatures vanquished.

Notes
Turn   | Place    | Note
-------+----------+-------------------------------------------
     0 | D:1      | CanOfBees the Tengu Air Elementalist began the quest for the Orb.
     0 | D:1      | Reached XP level 1. HP: 10/10 MP: 4/4
   725 | D:1      | Reached XP level 2. HP: 8/15 MP: 0/6
  1885 | D:2      | Reached XP level 3. HP: 19/19 MP: 6/8
  2544 | D:2      | Learned a level 2 spell: Swiftness
  2548 | D:2      | Learned a level 3 spell: Static Discharge
  4081 | D:2      | Reached skill level 5 in Air Magic
  4081 | D:2      | Reached XP level 4. HP: 12/24 MP: 1/9
  4202 | D:3      | Noticed jackcabral90's ghost (amateur DrTm)
  4341 | D:3      | Noticed a two-headed ogre
  5451 | D:3      | Slain by jackcabral90's ghost

Vault maps used:
D:1:      scummos_arrival_simple_fountains, grunt_decor_one_mirror
D:2:      minmay_hedge_maze

Skill      XL: |  1  2  3 |
---------------+----------+-----
Conjurations   | 2 3 |  3.2
Spellcasting   | 3 |  3.0
Air Magic      | 5 |  5.0
Fighting       | |  0.5
Dodging        | |  2.4
Stealth        | |  2.0
Charms         | |  0.3

Action                   |  1- 3 |  4- 6 || total
-------------------------+-------+-------++-------
Melee: Spear             |    41 |     4 ||    45
       Peck              |     7 |       ||     7
       Kick              |     5 |       ||     5
 Cast: Shock             |    82 |    32 ||   114
       Static Discharge  |     2 |     3 ||     5
       Swiftness         |       |     1 ||     1
  Use: Scroll            |     3 |       ||     3
  Eat: Chunk             |     6 |     2 ||     8
       Ration            |     1 |     1 ||     2
Armor: Robe              |    24 |     2 ||    26
Dodge: Dodged            |    50 |    12 ||    62

Table legend:
 A = Spawn XP
 B = Non-spawn XP
 C = Spawn XP percentage of total XP
 D = Spawn monster count
 E = Non-spawn monster count
 F = Spawn count percentage of total count
 G = Total turns spent on level
                    A         B        C        D         E        F      G
               +---------+---------+-------+---------+---------+-------+---------
         Total |       0 |     147 |   0.0 |       0 |      46 |   0.0 |  5451
               +---------+---------+-------+---------+---------+-------+---------
           D:1 |       0 |      40 |   0.0 |       0 |      18 |   0.0 |  2788
           D:2 |       0 |      76 |   0.0 |       0 |      21 |   0.0 |  2307
           D:3 |       0 |      31 |   0.0 |       0 |       7 |   0.0 |   356
               +---------+---------+-------+---------+---------+-------+---------
